[Event "*** Titled Tuesday Blitz AM"]
[Site "Chess.com"]
[Date "2020.01.07"]
[Round "7"]
[White "Vugar_Manafov"]
[Black "lucasran"]
[Result "1-0"]
[WhiteElo "2579"]
[BlackElo "2693"]
[TimeControl "180+2"]
[EndTime "10:31:44 PST"]
[Termination "Vugar_Manafov won on time"]

1. Nf3 Nf6 2. g3 b6 3. b3 g6 4. Bb2 Bg7 5. Bg2 Bb7 6. O-O c5 7. c4 O-O 8. Nc3 Nc6 9. d4 cxd4 10. Nxd4 Rc8 11. Nd5 Nxd4 12. Qxd4 Ba8 13. Rfd1 d6 14. e4 Nh5 15. Qd2 Bxb2 16. Qxb2 Ng7 17. Rd2 Bxd5 18. exd5 Rc7 19. Re1 Re8 20. Rde2 Qd7 21. h4 Qd8 22. Bh3 Rb7 23. Qd4 1-0

[Event "*** Titled Tuesday Blitz AM"]
[Site "Chess.com"]
[Date "2020.01.07"]
[Round "7"]
[White "boasovietica"]
[Black "Tayson_7"]
[Result "1-0"]
[WhiteElo "2453"]
[BlackElo "2556"]
[TimeControl "180+2"]
[EndTime "10:31:46 PST"]
[Termination "boasovietica won on time"]

1. Nf3 Nf6 2. c4 c5 3. g3 Nc6 4. Bg2 g6 5. O-O Bg7 6. Nc3 O-O 7. a3 d6 8. Rb1 Bf5 9. d3 Qd7 10. b4 b6 11. b5 Na5 12. Nh4 Bh3 13. Bxa8 Rxa8 14.
Ng2 Nh5 15. Bb2 h6 16. Nd5 e5 17. e3 Re8 18. Qc2 1-0

[Event "*** Titled Tuesday Blitz AM"]
[Site "Chess.com"]
[Date "2020.01.07"]
[Round "7"]
[White "SavelijTartakover"]
[Black "Msb2"]
[Result "0-1"]
[WhiteElo "2706"]
[BlackElo "2882"]
[TimeControl "180+2"]
[EndTime "10:31:48 PST"]
[Termination "Msb2 won on time"]

1. d4 d5 2. c4 e6 3. Nf3 Nf6 4. Bg5 Bb4+ 5. Nbd2 h6 6. Bxf6 Qxf6 7. e3 O-O 8. a3 Be7 9. Bd3 Rd8 10. O-O dxc4 11. Nxc4 c5 12. dxc5 Bxc5 13. Qe2 Nc6 14. Rad1 Bd7 15. b4 Bf8 16. b5 Ne7 17. Nce5 Be8 18.
Bb1 Nd5 0-1

[Event "*** Titled Tuesday Blitz AM"]
[Site "Chess.com"]
[Date "2020.01.07"]
[Round "7"]
[White "heyiampotato"]
[Black "manitodeplomo"]
[Result "1-0"]
[WhiteElo "2519"]
[BlackElo "2681"]
[TimeControl "180+2"]
[EndTime "10:31:48 PST"]
[Termination "heyiampotato won by resignation"]

1. d4 g6 2. Nf3 Bg7 3. c4 d6 4. Nc3 e5 5. dxe5 dxe5 6. Qxd8+ Kxd8 7. g3 Be6 8. Ng5 Bxc4 9. b3 Be6 10. Nxe6+ fxe6 11.
Bg2 Nc6 12. Bg5+ Bf6 13. O-O-O+ Ke7 14. Be3 Kf7 15. Rd7+ Nge7 16. Rhd1 Rac8 17. Bc5 Rhd8 18. Bxc6 Rxd7 19. Bxd7 Ra8 20. Bxe7 Bxe7 21. Ne4 c6 22. Rd3 Rd8 23. Rf3+ Kg7 24. Bxe6 Ba3+ 25. Kc2 h5 26. Rf7+ 1-0

[Event "*** Titled Tuesday Blitz AM"]
[Site "Chess.com"]
[Date "2020.01.07"]
[Round "7"]
[White "Indianlad"]
[Black "Kirill_Klukin"]
[Result "1-0"]
[WhiteElo "2926"]
[BlackElo "2695"]
[TimeControl "180+2"]
[EndTime "10:31:52 PST"]
[Termination "Indianlad won on time"]

1. c4 e5 2. g3 Nf6 3. Bg2 d5 4. cxd5 Nxd5 5. Nf3 Bd6 6. O-O O-O 7. Nc3 Nb6 8. d4 exd4 9. Nxd4 c6 10. a4 a5 11. Qb3 Na6 12. Rd1 Nc5 13. Qc2 Qf6 14.
b3 Be5 15. Be3 Rd8 16. Nxc6 Bf5 17. Rxd8+ Rxd8 18. Rd1 Rd7 19. Qxf5 Bxc3 20. Rxd7 Nbxd7 21. Qxf6 gxf6 22. Ne7+ 1-0

[Event "*** Titled Tuesday Blitz AM"]
[Site "Chess.com"]
[Date "2020.01.07"]
[Round "7"]
[White "DrVelja"]
[Black "IMUltimateBeast"]
[Result "0-1"]
[WhiteElo "2698"]
[BlackElo "2622"]
[TimeControl "180+2"]
[EndTime "10:31:53 PST"]
[Termination "IMUltimateBeast won on time"]

1. e4 c5 2. Nf3 e6 3. d4 cxd4 4. Nxd4 Nf6 5. Nc3 Nc6 6. Nxc6 bxc6 7. e5 Nd5 8. Ne4 Qc7 9. f4 Qb6 10. c4 Bb4+ 11. Ke2 f5 12. exf6 Nxf6 13. Be3 Qd8 14.
Nd6+ Bxd6 15. Qxd6 c5 16. Qxc5 Bb7 17. Rd1 Rc8 18. Qb4 Be4 19. b3 a5 20. Qd6 Rc6 21. Qd4 O-O 22. Rg1 d5 23. g4 Qc7 24. c5 Nd7 25. Rc1 Rb8 0-1

[Event "*** Titled Tuesday Blitz AM"]
[Site "Chess.com"]
[Date "2020.01.07"]
[Round "7"]
[White "Region_07"]
[Black "nouma78"]
[Result "0-1"]
[WhiteElo "2380"]
[BlackElo "2531"]
[TimeControl "180+2"]
[EndTime "10:31:53 PST"]
[Termination "nouma78 won on time"]

1. d4 d6 2. e4 Nf6 3. Nc3 e5 4. Nf3 Nbd7 5. Bc4 Be7 6. O-O O-O 7. Qe2 exd4 8. Nxd4 Ne5 9. Bb3 c5 10. Nf5 Bxf5 11. exf5 Qd7 12. f4 Nc6 13. g4 d5 14.
g5 c4 15. gxf6 Bxf6 16. Ba4 Qxf5 17. Bxc6 bxc6 18. Qf2 d4 19. Na4 Rfe8 20. Bd2 Qxc2 21. Nc5 d3 22. Rac1 Qxb2 23. Rxc4 Re2 24. Nxd3 Qxd2 25.
Qf3 Rd8 0-1

[Event "*** Titled Tuesday Blitz AM"]
[Site "Chess.com"]
[Date "2020.01.07"]
[Round "7"]
[White "arminmusovic"]
[Black "Sjakkerntobi"]
[Result "1-0"]
[WhiteElo "2499"]
[BlackElo "2268"]
[TimeControl "180+2"]
[EndTime "10:31:54 PST"]
[Termination "arminmusovic won on time"]

1. a3 e5 2. Nc3 Nf6 3. d4 exd4 4. Qxd4 Nc6 5. Qa4 Bc5 6. Bg5 h6 7. Bh4 d6 8. Ne4 Bd4 9. c3 Be5 10. O-O-O g5 11. Bg3 O-O 12. h4 g4 13. Bxe5 Nxe5 14. f4 b5 15. Qd4 Ned7 16. g3 Bb7 17. Bg2 Nxe4 18. Bxe4 c5 19. Qd3 Bxe4 20. Qxe4 Nf6 21. Qc6 1-0

[Event "*** Titled Tuesday Blitz AM"]
[Site "Chess.com"]
[Date "2020.01.07"]
[Round "7"]
[White "fireheart92"]
[Black "Zubrrr"]
[Result "1-0"]
[WhiteElo "2936"]
[BlackElo "2764"]
[TimeControl "180+2"]
[EndTime "10:31:56 PST"]
[Termination "fireheart92 won on time"]

1. Nf3 f5 2. d3 d6 3. e4 e5 4.
Nc3 Nf6 5. Bg5 h6 6. Bxf6 Qxf6 7.
Nd5 Qf7 8. Be2 Be6 9. Nh4 h5 10. c4 f4 11. Nf3 Bxd5 12. cxd5 Be7 13. Rc1 1-0

[Event "*** Titled Tuesday Blitz AM"]
[Site "Chess.com"]
[Date "2020.01.07"]
[Round "7"]
[White "enkhtuul"]
[Black "Zq1"]
[Result "1-0"]
[WhiteElo "2361"]
[BlackElo "2538"]
[TimeControl "180+2"]
[EndTime "10:31:56 PST"]
[Termination "enkhtuul won by resignation"]

1. d4 Nf6 2. Bf4 c5 3. e3 g6 4. Na3 Bg7 5. Nb5 d6 6. dxc5 a6 7. Nc3 Nh5 8. cxd6 Nxf4 9. exf4 O-O 10. Nf3 Qa5 11. dxe7 Bxc3+ 12. bxc3 Qxc3+ 13. Nd2 Re8 14. Be2 Rxe7 15. O-O Bf5 16. Nf3 Nc6 17. Bd3 Rd8 18. Re1 Bxd3 19. Rxe7 Bxc2 20. Qe1 Qb2 21. Re8+ Rxe8 22.
Qxe8+ Kg7 23. Re1 Qxa2 24. Ne5 Be4 25. Nd7 1-0

[Event "*** Titled Tuesday Blitz AM"]
[Site "Chess.com"]
[Date "2020.01.07"]
[Round "7"]
[White "marabu44"]
[Black "cstevens1"]
[Result "0-1"]
[WhiteElo "2308"]
[BlackElo "2619"]
[TimeControl "180+2"]
[EndTime "10:31:59 PST"]
[Termination "cstevens1 won by resignation"]

1. f4 d5 2. Nf3 g6 3. c3 Bg7 4. d3 c5 5. Qc2 d4 6. Na3 Nc6 7. Nc4 Nh6 8. g3 Nf5 9. Bg2 O-O 10. O-O Be6 11. Nce5 Nxe5 12. Nxe5 Bd5 13. c4 Bxg2 14. Kxg2 Qc7 15. Nf3 Qc6 16. a3 e5 17. b4 b6 18. fxe5 Bxe5 19. Kg1 Bg7 20. Ng5 Rae8 21. Ne4 Re6 22. bxc5 bxc5 23. Rb1 Nd6 24. Ng5 Re7 25. Bf4 Rfe8 26. Rf2 f5 27. Nh3 Nf7 28. Qd2 h6 29. Qd1 g5 30. Bc1 Ne5 31. Rxf5 Ng4 32. Rf3 Rxe2 33. Nf2 Qxf3 0-1

[Event "*** Titled Tuesday Blitz AM"]
[Site "Chess.com"]
[Date "2020.01.07"]
[Round "7"]
[White "Alex_Molchanov"]
[Black "Zarikovs1999"]
[Result "1-0"]
[WhiteElo "2570"]
[BlackElo "2346"]
[TimeControl "180+2"]
[EndTime "10:32:01 PST"]
[Termination "Alex_Molchanov won on time"]

1. d4 Nf6 2. Nf3 e6 3. e3 b6 4.
Nbd2 Bb7 5. Bd3 d5 6. O-O Bd6 7. b3 O-O 8. Bb2 Nbd7 9. Ne5 Ne4 10. f4 f5 11. Bxe4 fxe4 12. Qg4 Qe7 13. Nxd7 Qxd7 14.
c4 Qe7 15. Rac1 c5 16. Rf2 cxd4 17. Bxd4 Bc5 18. Bxc5 bxc5 19. cxd5 exd5 20. f5 1-0

[Event "*** Titled Tuesday Blitz AM"]
[Site "Chess.com"]
[Date "2020.01.07"]
[Round "7"]
[White "ural58"]
[Black "PIwan"]
[Result "1-0"]
[WhiteElo "2372"]
[BlackElo "2510"]
[TimeControl "180+2"]
[EndTime "10:32:05 PST"]
[Termination "ural58 won on time"]

1. e4 e6 2. Qe2 d5 3. exd5 Nf6 4.
Nc3 Bd6 5. d4 O-O 6. dxe6 Bxe6 7. Bg5 Re8 8. O-O-O Bg4 9. Bxf6 Bxe2 10. Bxd8 Bxd1 11.
Bxc7 Bxc7 12. Kxd1 Nc6 13. Nf3 Rad8 14. Bb5 Nxd4 15. Bxe8 Nxf3+ 16. Kc1 Bf4+ 17. Kb1 Nd2+ 18. Ka1 Rxe8 19. Nd5 Bh6 20. f4 Rd8 21. Re1 Kf8 22.
Re5 Nc4 23. Rh5 1-0

[Event "*** Titled Tuesday Blitz AM"]
[Site "Chess.com"]
[Date "2020.01.07"]
[Round "7"]
[White "Witik"]
[Black "JSPrepz"]
[Result "0-1"]
[WhiteElo "2667"]
[BlackElo "2804"]
[TimeControl "180+2"]
[EndTime "10:32:15 PST"]
[Termination "JSPrepz won on time"]

1. d4 Nf6 2. Bf4 c5 3. e3 d5 4. c3 Nc6 5. Nd2 cxd4 6. exd4 Bf5 7. Ngf3 e6 8. Nh4 Bd6 9. Bxd6 Qxd6 10. Nxf5 exf5 11.
Bd3 g6 12. O-O O-O 13. Re1 Rae8 14. Qc2 Ne4 15. Nf1 Re7 16. f3 Nf6 17. Qf2 Rfe8 18. Rxe7 Qxe7 19. Nd2 a6 20. Nb3 Nd7 21. Kf1 Qd6 22.
g3 b5 23. Re1 Rb8 24. Qe3 a5 25. Kg2 b4 26. c4 a4 27. Nc5 dxc4 28. Bxc4 Nxd4 29. Nxd7 Qxd7 30. Qe7 Rb7 0-1

[Event "*** Titled Tuesday Blitz AM"]
[Site "Chess.com"]
[Date "2020.01.07"]
[Round "7"]
[White "TrimitziosP7"]
[Black "Flawless_Fighter"]
[Result "0-1"]
[WhiteElo "2704"]
[BlackElo "2481"]
[TimeControl "180+2"]
[EndTime "10:32:15 PST"]
[Termination "Flawless_Fighter won on time"]

1. Nf3 Nf6 2. c4 e6 3. b3 d5 4. Bb2 Be7 5. g3 O-O 6. Bg2 b6 7. d3 Bb7 8. O-O c5 9. e3 Nc6 10. Qe2 Qc7 11. Nc3 Rad8 12. Rac1 Qb8 13. Rfd1 h6 14.
cxd5 Nxd5 15. Nxd5 Rxd5 16. d4 Rdd8 17. dxc5 Bxc5 18.
a3 a5 19. Nd2 Ne7 20. Ne4 Rxd1+ 21. Rxd1 Qa8 22. Qg4 Nf5 0-1

[Event "*** Titled Tuesday Blitz AM"]
[Site "Chess.com"]
[Date "2020.01.07"]
[Round "7"]
[White "korbul"]
[Black "Generalas"]
[Result "1-0"]
[WhiteElo "2632"]
[BlackElo "2257"]
[TimeControl "180+2"]
[EndTime "10:32:15 PST"]
[Termination "korbul won on time"]

1. d4 Nf6 2. Nf3 b5 3. Bf4 Bb7 4. e3 a6 5. Bd3 d6 6. Nbd2 c5 7. c3 Nc6 8. h3 g6 9. O-O Bg7 10. Bg5 O-O 11. Re1 e5 12. d5 Ne7 13. e4 Nh5 14. a4 b4 15. a5 Nf4 16. Bf1 h6 17.
Bh4 g5 18. Bg3 f5 19. Bxf4 gxf4 20. c4 Bc8 21. Bd3 Qe8 22. exf5 Nxf5 23. Ne4 1-0

[Event "*** Titled Tuesday Blitz AM"]
[Site "Chess.com"]
[Date "2020.01.07"]
[Round "7"]
[White "kinga2008"]
[Black "Ariadna_Atreides"]
[Result "1-0"]
[WhiteElo "1851"]
[BlackElo "2048"]
[TimeControl "180+2"]
[EndTime "10:32:21 PST"]
[Termination "kinga2008 won on time"]

1. e4 c5 2. Nf3 d6 3. c3 Nf6 4. d3 e6 5. Be3 Be7 6. Nbd2 O-O 7. Be2 b6 8. O-O Bb7 9. Qc2 h6 10. d4 Nbd7 11. Bd3 cxd4 12. cxd4 e5 13. dxe5 dxe5 14.
Rad1 Nc5 15. Bxc5 Bxc5 16. Nxe5 Qe7 17. Nef3 Rac8 18. Qb1 Rfd8 19. Rfe1 Ng4 20. Rf1 Rd6 21. Be2 a5 22. h3 1-0

[Event "*** Titled Tuesday Blitz AM"]
[Site "Chess.com"]
[Date "2020.01.07"]
[Round "7"]
[White "AntonSmirnov"]
[Black "mazetofonias"]
[Result "1-0"]
[WhiteElo "2890"]
[BlackElo "2691"]
[TimeControl "180+2"]
[EndTime "10:32:22 PST"]
[Termination "AntonSmirnov won by checkmate"]

1. e4 c5 2. Nf3 d6 3. d4 cxd4 4. Nxd4 Nf6 5. Nc3 a6 6. Be3 e5 7. Nde2 Be7 8. Ng3 Be6 9. Be2 O-O 10. O-O Nbd7 11. Nf5 Nc5 12. Nxe7+ Qxe7 13. Bg5 Rfd8 14. f4 h6 15. Bxf6 Qxf6 16. b4 exf4 17. Qd2 Nd7 18. Rxf4 Qe5 19. Raf1 Rac8 20. Nd5 Bxd5 21. exd5 Rf8 22.
c4 Qg5 23. h4 Qe7 24. Bg4 Rc7 25. Bxd7 Qxd7 26. Qd4 Qe7 27. Re4 Qd8 28. c5 dxc5 29.
bxc5 Rd7 30. d6 b6 31. Rd1 bxc5 32. Qxc5 Re8 33. Rxe8+ Qxe8 34. Qd4 Qe6 35. Kh2 Qxa2 36. Re1 Qa3 37. Re8+ Kh7 38. Qe4+ g6 39. Qe5 Qxd6 40. Rh8# 1-0

[Event "*** Titled Tuesday Blitz AM"]
[Site "Chess.com"]
[Date "2020.01.07"]
[Round "7"]
[White "GelmanAlexander"]
[Black "Hydrargyrum_Girl"]
[Result "0-1"]
[WhiteElo "2441"]
[BlackElo "2234"]
[TimeControl "180+2"]
[EndTime "10:32:23 PST"]
[Termination "Hydrargyrum_Girl won on time"]

1. e4 e5 2. f4 exf4 3. Nf3 g5 4. d4 h6 5. Nc3 d6 6. g3 fxg3 7. h4 Bg7 8. hxg5 hxg5 9. Rxh8 Bxh8 10. Nxg5 Bf6 11.
Qh5 Bxg5 12. Bxg5 Ne7 0-1

[Event "*** Titled Tuesday Blitz AM"]
[Site "Chess.com"]
[Date "2020.01.07"]
[Round "7"]
[White "BIG_Pirate"]
[Black "arjwezhrtdrz"]
[Result "1-0"]
[WhiteElo "2412"]
[BlackElo "2279"]
[TimeControl "180+2"]
[EndTime "10:32:28 PST"]
[Termination "BIG_Pirate won by resignation"]

1. Nf3 d6 2. c4 c6 3. Nc3 Nf6 4. g3 Bg4 5. Bg2 Nbd7 6. O-O e5 7. d3 Be7 8. h3 Bxf3 9. Bxf3 O-O 10. Bg2 a5 11. b3 Qc7 12. Bb2 Nc5 13. d4 exd4 14.
Qxd4 Rad8 15. Rad1 Ne8 16. Ne4 Nxe4 17. Qxe4 Bf6 18.
Ba3 Be7 19. Qf5 g6 20. Qc2 Nf6 21. Rd3 Rd7 22. Rfd1 Rfd8 23. Bb2 Ne8 24. h4 Bf6 25. Ba3 Bg7 26. h5 Nf6 27. hxg6 hxg6 28. Qd2 Ne8 29. Qf4 Be5 30. Qh4 Bf6 31. Qg4 Bg7 32. Qf4 Be5 33. Qd2 Bg7 34. Bf3 Qb6 35. Kg2 a4 36.
Qf4 axb3 37. axb3 Qa5 38. Bc1 Qe5 39. Qh4 Qf6 40. Bg5 1-0

[Event "*** Titled Tuesday Blitz AM"]
[Site "Chess.com"]
[Date "2020.01.07"]
[Round "7"]
[White "Snegokhod"]
[Black "cancrushyou"]
[Result "1-0"]
[WhiteElo "2600"]
[BlackElo "2459"]
[TimeControl "180+2"]
[EndTime "10:32:29 PST"]
[Termination "Snegokhod won on time"]

1. e4 d5 2. exd5 Qxd5 3. Nc3 Qa5 4. d4 Nf6 5. Nf3 Bf5 6. Bc4 c6 7. Ne5 e6 8. g4 Be4 9. f3 Bd5 10. Bd3 Nbd7 11. O-O Nxe5 12. dxe5 Nd7 13. Qe2 Qb6+ 14. Kg2 h5 15. g5 Qc7 16. Nxd5 cxd5 17. Bb5 a6 18.
Bxd7+ Kxd7 19. Bf4 Rc8 20. c3 Qc4 21. Qd2 g6 22.
Be3 Bc5 23. Rfd1 h4 24. h3 b5 25. Bd4 Be7 26. b3 1-0

[Event "*** Titled Tuesday Blitz AM"]
[Site "Chess.com"]
[Date "2020.01.07"]
[Round "7"]
[White "Artem_Ilyin"]
[Black "NemtsevIgor"]
[Result "1-0"]
[WhiteElo "2531"]
[BlackElo "2377"]
[TimeControl "180+2"]
[EndTime "10:32:29 PST"]
[Termination "Artem_Ilyin won on time"]

1. d4 c6 2. e4 d5 3. exd5 cxd5 4. Nf3 Nf6 5. Ne5 g6 6. Bb5+ Bd7 7. Nxd7 Nbxd7 8. O-O Bg7 9. c3 O-O 10. Re1 a6 11. Bd3 e6 12. a4 Rb8 13. a5 Rc8 14. Nd2 Nb8 15. Qa4 Nfd7 16. Nb3 Nc6 17. Bf4 e5 18. dxe5 Ndxe5 19. Bf1 Re8 20. Rad1 Qh4 21. Nd2 1-0

[Event "*** Titled Tuesday Blitz AM"]
[Site "Chess.com"]
[Date "2020.01.07"]
[Round "7"]
[White "sergeikim"]
[Black "Kubas1010"]
[Result "1-0"]
[WhiteElo "2448"]
[BlackElo "2581"]
[TimeControl "180+2"]
[EndTime "10:32:29 PST"]
[Termination "sergeikim won on time"]

1. d4 Nf6 2. c4 e6 3. Nc3 Bb4 4. Qc2 O-O 5. a3 Bxc3+ 6. Qxc3 b6 7. Nf3 c5 8. dxc5 bxc5 9. g3 Bb7 10. Bg2 d6 11. O-O Ne4 12. Qc2 Nd7 13. Ng5 Nxg5 14. Bxb7 Rb8 15. Bg2 h6 16. Rd1 Rb6 17. b4 e5 18. b5 Ne6 19. e3 a6 20. a4 Rb8 21.
Bd2 Qc7 22. Bc3 axb5 23. axb5 Nb6 24. Ba5 Rfd8 25. Qd3 Qe7 26. Bxb6 Rxb6 27. Ra5 Nc7 28. Rda1 Re8 29. Ra7 Qd8 30. Bc6 Rf8 31. Rd1 Qb8 32. Rda1 1-0

[Event "*** Titled Tuesday Blitz AM"]
[Site "Chess.com"]
[Date "2020.01.07"]
[Round "7"]
[White "Arystanner"]
[Black "Genghis_K"]
[Result "0-1"]
[WhiteElo "2736"]
[BlackElo "2892"]
[TimeControl "180+2"]
[EndTime "10:32:32 PST"]
[Termination "Genghis_K won on time"]

1. c4 g6 2. Nc3 Bg7 3. d4 d6 4. e4 Nf6 5. f3 O-O 6. Be3 c5 7. d5 e6 8. Qd2 exd5 9. cxd5 Re8 10. Nge2 Nbd7 11. Ng3 Ne5 12. Be2 h5 13. O-O h4 14.
Nh1 Nh7 15. Nf2 f5 16. exf5 gxf5 17. Nh3 Ng6 18. Bf2 a6 19. a4 Bd7 20. Rfe1 Qa5 21.
Bd3 Qb4 22. a5 Rxe1+ 23. Rxe1 Ne5 24. Bf1 Re8 25. Re2 Ng6 26. Rxe8+ Bxe8 27. Ng5 Nxg5 28.
Qxg5 Qxb2 29. Qd8 Bxc3 30. Qxe8+ Kg7 31. Qd7+ Kh6 0-1

[Event "*** Titled Tuesday Blitz AM"]
[Site "Chess.com"]
[Date "2020.01.07"]
[Round "7"]
[White "Yaacovn"]
[Black "vova-79"]
[Result "1-0"]
[WhiteElo "2803"]
[BlackElo "2604"]
[TimeControl "180+2"]
[EndTime "10:32:32 PST"]
[Termination "Yaacovn won by resignation"]

1. d4 d5 2. Nf3 Nf6 3. Bf4 c5 4. e3 Nc6 5. c3 Qb6 6. Qc2 g6 7. Nbd2 Bf5 8. dxc5 Qxc5 9. Qb3 Na5 10. Qa4+ Bd7 11. Qd4 Qxd4 12. exd4 Rc8 13. Ne5 Bg7 14.
Bd3 Bf5 15. Bb5+ Nd7 16. Nb3 Nxb3 17. axb3 a6 18. Nxd7 Bxd7 19. Bd3 Bf5 20. Be2 Bc2 21. b4 O-O 22. Kd2 Bb3 23. Bf3 e6 24. h4 Rfe8 25. h5 Bf8 26. hxg6 hxg6 27. Be5 Bg7 28. Bf4 Bf6 29. Ra5 Bc4 30. Rc5 Rxc5 31. bxc5 Kg7 32. Bh6+ Kg8 33. Bf4 Kg7 34. Kc2 Rh8 35. Rxh8 Kxh8 36.
g4 g5 37. Be5 Kg7 38. b3 Bb5 39. c4 Bc6 40. cxd5 Bxd5 41. Bxd5 exd5 42. Kc3 Kg6 43.
Bxf6 Kxf6 44. Kb4 Ke6 45. Ka5 Kd7 46. Kb6 Kc8 47. c6 bxc6 48. Kxc6 1-0

[Event "*** Titled Tuesday Blitz AM"]
[Site "Chess.com"]
[Date "2020.01.07"]
[Round "7"]
[White "enzovsky"]
[Black "mortngabriel"]
[Result "1-0"]
[WhiteElo "2229"]
[BlackElo "2373"]
[TimeControl "180+2"]
[EndTime "10:32:33 PST"]
[Termination "enzovsky won on time"]

1. e4 c6 2. d4 d5 3. e5 c5 4.
dxc5 e6 5. a3 Bxc5 6. b4 Be7 7.
Nf3 Nh6 8. c4 dxc4 9. Qxd8+ Bxd8 10. Bxc4 Bc7 11. Bxh6 gxh6 12. O-O Nd7 13. Re1 a6 14. Nc3 b5 15. Bd3 Bb7 16. Ne4 Nxe5 17. Nxe5 Bxe5 18. Rac1 Bf4 19. Rc2 Ke7 20. g3 Bb8 21.
Nc5 Bd5 22. Rd1 Ba7 23. Nxa6 1-0

[Event "*** Titled Tuesday Blitz AM"]
[Site "Chess.com"]
[Date "2020.01.07"]
[Round "7"]
[White "Ovsiannikov_Maxim"]
[Black "j_coca"]
[Result "0-1"]
[WhiteElo "2364"]
[BlackElo "2184"]
[TimeControl "180+2"]
[EndTime "10:32:37 PST"]
[Termination "j_coca won by checkmate"]

1. d4 g6 2. h4 h6 3. Bf4 Bg7 4. Qd2 d6 5. c3 Nc6 6. Nf3 Bg4 7. e4 e5 8. Be3 f5 9. exf5 gxf5 10. Bb5 Ne7 11. d5 a6 12. dxc6 axb5 13. cxb7 Rb8 14. a4 Bxf3 15. gxf3 f4 16. Bxf4 exf4 17. Qxf4 Nd5 18.
Qe4+ Qe7 19. axb5 O-O 20. Ra7 Rfe8 21. Nd2 Qf7 22. Ra8 Rxe4+ 23. fxe4 Qe8 24. Rxb8 Qxb8 25. exd5 Qxb7 26. c4 Bxb2 27. h5 Bc3 28. Ke2 Bxd2 29. Kxd2 Qa7 30. Rg1+ Kh7 31. Rg2 Qd4+ 32. Ke2 Qxc4+ 33.
Ke3 Qxd5 34. Rg6 Qe5+ 35. Kf3 Qxh5+ 36. Rg4 Qxb5 37. Kg3 Qe2 38. f3 c5 39. Ra4 Qe1+ 40.
Kg4 c4 41. Kf5 Qe5+ 42. Kg4 Qe6+ 43. Kg3 c3 44. Ra7+ Kg6 45. Rc7 d5 46. f4 Qe3+ 47. Kg4 Qe2+ 48. Kh4 c2 49. Rc6+ Kf5 50. Rc5 Qh2# 0-1

[Event "*** Titled Tuesday Blitz AM"]
[Site "Chess.com"]
[Date "2020.01.07"]
[Round "7"]
[White "BestByTestbro"]
[Black "dolynachess"]
[Result "1-0"]
[WhiteElo "2199"]
[BlackElo "2354"]
[TimeControl "180+2"]
[EndTime "10:32:40 PST"]
[Termination "BestByTestbro won on time"]

1. e4 c5 2. Nf3 d6 3. d4 cxd4 4. Nxd4 Nf6 5. Nc3 a6 6. Be3 e5 7.
Nb3 Be6 8. f3 Nbd7 9. g4 h6 10.
Qd2 b5 11. O-O-O Be7 12. h4 Qc7 13. g5 hxg5 14. Bxg5 Rc8 15. Bh3 Nb6 16. Bxe6 fxe6 17. Bxf6 gxf6 18. Qg2 b4 19. Nb1 Nc4 20. Rh2 Ne3 21.
Qg7 1-0

[Event "*** Titled Tuesday Blitz AM"]
[Site "Chess.com"]
[Date "2020.01.07"]
[Round "7"]
[White "Martins-BR"]
[Black "miroslavsavic"]
[Result "1-0"]
[WhiteElo "2364"]
[BlackElo "2076"]
[TimeControl "180+2"]
[EndTime "10:32:51 PST"]
[Termination "Martins-BR won on time"]

1. e4 Nf6 2. Nc3 d6 3. d4 g6 4. Bg5 Bg7 5. Qd2 h6 6. Bh4 O-O 7. O-O-O Bg4 8. f3 Bd7 9. g4 Ne8 10. Bc4 c6 11. Nge2 b5 12. Bb3 a5 13. a4 b4 14. Nb1 Na6 15. Qe3 c5 16. Nd2 Rc8 17. Kb1 c4 18. Nxc4 Bxa4 19. Bxa4 Rxc4 20. Bb5 Qc8 21. Qd3 d5 22. Bxe7 b3 23. cxb3 Nb4 24. Bxb4 Rxb4 25. Ba4 Nd6 26. e5 Ne8 27. Nc3 1-0

[Event "*** Titled Tuesday Blitz AM"]
[Site "Chess.com"]
[Date "2020.01.07"]
[Round "7"]
[White "lestri"]
[Black "Endgamegenius"]
[Result "1/2-1/2"]
[WhiteElo "2621"]
[BlackElo "2386"]
[TimeControl "180+2"]
[EndTime "10:32:57 PST"]
[Termination "Game drawn by repetition"]

1. c4 Nf6 2. Nc3 e5 3. Nf3 Nc6 4. d4 exd4 5. Nxd4 Bc5 6. e3 O-O 7. Be2 d5 8. cxd5 Nxd4 9. exd4 Bb4 10. Bg5 Qxd5 11. Bxf6 gxf6 12. O-O Qg5 13. Ne4 Qg6 14. Ng3 Bd6 15. Bd3 Qg5 16. Qf3 c6 17. Ne4 Qf4 18. Nxf6+ Kh8 19. Qh5 h6 20. Ne4 Be7 21. g3 Bg4 22.
Qa5 Qf5 23. Qc3 Qd5 24. Rfe1 Rae8 25. Bc4 Qh5 26. d5+ f6 27. d6 Bd8 28. Nd2 Rxe1+ 29.
Rxe1 Bb6 30. Be6 Bxf2+ 31. Kxf2 Qxh2+ 32. Kf1 Qh1+ 33. Kf2 Qh2+ 34. Kf1 Qh1+ 35. Kf2 Qh2+ 1/2-1/2

[Event "*** Titled Tuesday Blitz AM"]
[Site "Chess.com"]
[Date "2020.01.07"]
[Round "7"]
[White "HarryCun"]
[Black "Colombiano07"]
[Result "0-1"]
[WhiteElo "2057"]
[BlackElo "2176"]
[TimeControl "180+2"]
[EndTime "10:32:58 PST"]
[Termination "Colombiano07 won by checkmate"]

1. d4 Nf6 2. c4 b6 3. Nf3 Bb7 4. g3 c5 5. d5 b5 6. cxb5 Nxd5 7. Bg2 e6 8. O-O Be7 9. Qc2 O-O 10. Nc3 a6 11. bxa6 Nxa6 12. Rd1 Nab4 13. Qe4 Nxc3 14.
Qxb7 Nxd1 15. Ne5 Rxa2 16. Rxa2 Nxa2 17. Qb3 Nxc1 18. Qxd1 Na2 19. Qa4 Nb4 20. Nxd7 Re8 21. Ne5 Bf6 22. Nc4 g6 23. Bf3 Kg7 24. e4 Bd4 25.
Kg2 e5 26. Qa7 Qe7 27. Qa4 h5 28. h3 Qe6 29. Nd2 Bxb2 30. g4 h4 31. g5 Bc1 32. Bg4 Qc6 33. Qd1 Bxd2 34. Qxd2 Qxe4+ 35. f3 Qc2 36. Qf2 Qxf2+ 37. Kxf2 Nd3+ 38. Ke3 Nf4 39. Ke4 Rd8 40. Ke3 c4 41. Kf2 c3 42. Bf5 gxf5 43. g6 fxg6 44. Ke3 Rd3+ 45. Kf2 Rd2+ 46. Ke1 Re2+ 47.
Kd1 Nd3 48. Kxe2 Nf4+ 49. Kd1 Nxh3 50. Kc2 Ng5 51. Kxc3 Nxf3 52. Kc2 Nd4+ 53. Kd1 Kf6 54. Ke1 Kg5 55. Kf2 Kg4 56. Kg1 Kg3 57. Kh1 Kf2 58.
Kh2 g5 59. Kh3 g4+ 60. Kh2 Ne6 61. Kh1 f4 62. Kh2 e4 63. Kh1 e3 64. Kh2 e2 65.
Kh1 f3 66. Kh2 Nf4 67. Kh1 Ke3 68. Kh2 Kd2 69. Kg1 Ke1 70. Kh2 f2 71. Kh1 Kf1 72. Kh2 e1=Q 73. Kh1 Ke2+ 74. Kh2 g3# 0-1

[Event "*** Titled Tuesday Blitz AM"]
[Site "Chess.com"]
[Date "2020.01.07"]
[Round "7"]
[White "olksuna"]
[Black "Manukyan_Artak"]
[Result "0-1"]
[WhiteElo "2562"]
[BlackElo "2455"]
[TimeControl "180+2"]
[EndTime "10:33:06 PST"]
[Termination "Manukyan_Artak won by resignation"]

1. c4 g6 2. Nc3 Bg7 3. g3 h5 4.
Bg2 h4 5. gxh4 Rxh4 6. Nf3 Rxc4 7.
d4 d5 8. Be3 c6 9. a3 Bf5 10. Nd2 Rxd4 11. Bxd4 Bxd4 12. Nf3 Bb6 13. O-O Nd7 14. b4 e5 15. e3 Qe7 16. Nd2 O-O-O 17.
e4 dxe4 18. Ndxe4 Ndf6 19. Qe2 Bd4 20. Rac1 Kb8 21. b5 Nxe4 22. Nxe4 c5 23. a4 Nf6 24.
Nxf6 Qxf6 25. a5 Rh8 26. Rfd1 Qh4 27. Rxd4 Qxh2+ 28. Kf1 cxd4 29. Qc4 Rc8 30. Qd5 Rxc1+ 31. Ke2 Qh5+ 32. Bf3 d3+ 0-1